 Dungeon Crawl Stone Soup version 0.19.0-2-gae57169 (webtiles) character file.

9 jacquesderrida the Grasshopper (level 2, -1/14 HPs)
             Began as a Vine Stalker Wanderer on Nov 5, 2016.
             Slain by a hound (2 damage)
             ... on level 3 of the Dungeon.
             The game lasted 00:00:44 (288 turns).

jacquesderrida the Grasshopper (VSWn)                Turns: 288, Time: 00:00:45

Health: -1/14      AC:  6    Str: 14    XL:     2   Next: 12%
Magic:  0/4        EV: 16    Int: 12    God:
Gold:   30         SH:  0    Dex: 18    Spells: 0 memorised, 3 levels left

rFire  . . .     SeeInvis .     e - +0 club
rCold  . . .     Gourm    .     j - +0 ring mail
rNeg   . . .     Faith    .     (no shield)
rPois  .         Spirit   +     (no helmet)
rElec  .         Reflect  .     h - +0 cloak
rCorr  .         Harm     .     (no gloves)
MR     .....                    (no boots)
Stlth  ++........               (no amulet)
                                (no ring)
                                (no ring)

@: agile
A: fangs 2, magic shield, antimagic bite, no device heal 3, rot immunity
a: no special abilities


You were on level 3 of the Dungeon.
You were not hungry.

You visited 1 branch of the dungeon, and saw 3 of its levels.

You collected 30 gold pieces.

Inventory:

Hand Weapons
 e - a +0 club (weapon)
Armour
 d - a +0 robe
 h - a +0 cloak (worn)
 j - a +0 ring mail (worn)
Scrolls
 g - a scroll of fog {unknown}
 i - a scroll of enchant armour {unknown}
Books
 a - a book of Spatial Translocations

   Spells                             Type                      Level
   a - Blink                          Translocation                2
   b - Shroud of Golubria             Charms/Translocation         2
   c - Lesser Beckoning               Translocation                3
   d - Portal Projectile              Translocation                3
   e - Teleport Other                 Translocation                3
   f - Passage of Golubria            Translocation                4
 b - Sidessy's Volume of the Rocks

   Spells                             Type                      Level
   a - Sandblast                      Earth                        1
   b - Stone Arrow                    Conjuration/Earth            3
 c - the Reference Book on Evil

   Spells                             Type                      Level
   a - Animate Skeleton               Necromancy                   1
   b - Vampiric Draining              Necromancy                   3
Comestibles
 f - 2 bread rations


   Skills:
 + Level 1.4 Fighting
 - Level 1.0 Throwing
 - Level 1.5 Dodging
 - Level 1.2 Stealth
 * Level 1.2 Unarmed Combat
 - Level 1.1 Spellcasting
   Level 1.0 Necromancy
   Level 3.0 Translocations


You had 3 spell levels left.
You didn't know any spells.

Dungeon Overview and Level Annotations

Branches:
Dungeon (3/15)

Altars:
Makhleb


Innate Abilities, Weirdness & Mutations

You have extremely sharp teeth.
When hurt, damage is shared between your health and your magic reserves.
Your bite disrupts and absorbs the magic of your enemies.
Potions and wands cannot restore your health.
You are immune to rotting.


Message History

You feel agile all of a sudden. The hound barely misses you.
The leopard gecko hisses angrily.
You hit the hound. You bite the hound. You drain its power.
You feel invigorated.
The hound is moderately wounded.
The hound bites you but does no damage. The hound misses you.
You miss the hound.
The hound is moderately wounded.
The hound barely misses you. The hound bites you but does no damage.
You hit the hound. Your bite misses the hound.
The hound is heavily wounded.
The hound misses you. The hound bites you.
You closely miss the hound.
The hound is heavily wounded.
The hound barely misses you. The hound closely misses you.
You hit the hound. Your bite misses the hound.
The hound is severely wounded.
The hound bites you but does no damage. The hound bites you.
You die...

## #.# ##.. #∩_. #..
######## .
#.h#######......##.
..)####@................
........######......##..
.....#### ##..........
.... #>.......... ...
####.......# ..
#.......# . #.......#
#.......#
########.......#


You could see a hound.

Vanquished Creatures
  A leopard gecko (D:2)
  2 bats
  A giant cockroach (D:1)
  A hobgoblin (D:2)
  A frilled lizard (D:1)
  A goblin (D:1)
  A kobold (D:2)
8 creatures vanquished.

Notes
Turn   | Place    | Note
-------+----------+-------------------------------------------
     0 | D:1      | jacquesderrida the Vine Stalker Wanderer began the quest for the Orb.
     0 | D:1      | jacquesderrida set off with: a book of Spatial Translocations, Sidessy's Volume of the Rocks, the Reference Book on Evil, a +0 robe, a +0 club, a bread ration
     0 | D:1      | Reached XP level 1. HP: 10/10 MP: 3/3
   215 | D:2      | Reached skill level 1 in Unarmed Combat
   215 | D:2      | Reached XP level 2. HP: 13/14 MP: 2/4
   274 | D:3      | Found a burning altar of Makhleb.
   288 | D:3      | Slain by a hound

Skill      XL: |  1 |
---------------+----+-----
Unarmed Combat | 1 |  1.2
Fighting       | |  1.4
Throwing       | |  1.0
Dodging        | |  1.5
Stealth        | |  1.2
Spellcasting   | |  1.1
Necromancy     | |  1.0
Translocations | |  3.0

Action                   || total
-------------------------++-------
Melee: Club              ||    42
       Bite              ||     9
  Use: Potion            ||     1
Armor: Ring mail         ||    32
Dodge: Dodged            ||    36
